| TOP OF THE 1ST |
|
Rochester Red Wings batting - Pitching for Nashville Sounds : RHP Danny Nsoah
|
|
Pitching: RHP Danny Nsoah
|
|
|
Batting: RHB Yonetoshi Muranaka
|
0-0: Ground out 5-3 (Groundball, 56S, EV 93.1 MPH)
|
|
Batting: LHB Gerardo Flores
|
0-0: Ground out 6-3 (Groundball, 6S, EV 85.0 MPH)
|
|
Batting: SHB Gerardo Flores
|
0-0: Ball 1-0: Called Strike 1-1: Foul Ball, location: 2F 1-2: Ball 2-2: Foul Ball, location: 2F 2-2: Ball 3-2: Foul Ball, location: 2F 3-2: Foul Ball, location: 2F 3-2: Strikes out looking
|
| Top of the 1st over - 0 runs, 0 hits, 0 errors, 0 left on base; Rochester 0 - Nashville 0 |
| BOTTOM OF THE 1ST |
|
Nashville Sounds batting - Pitching for Rochester Red Wings : LHP Brian Walters
|
|
Pitching: LHP Brian Walters
|
|
|
Batting: RHB Jeff Garofalo
|
0-0: Ground out 1-3 (Groundball, 13S, EV 70.0 MPH)
|
|
Batting: SHB Brace Harper
|
0-0: Ball 1-0: Called Strike 1-1: Ball 2-1: Called Strike 2-2: Fly out, F7 (Line Drive, 78D, EV 93.8 MPH)
|
|
Batting: RHB Dusty Thompson
|
0-0: Ground out 4-3 (Groundball, 4MS, EV 85.0 MPH)
|
| Bottom of the 1st over - 0 runs, 0 hits, 0 errors, 0 left on base; Rochester 0 - Nashville 0 |
| TOP OF THE 2ND |
|
Rochester Red Wings batting - Pitching for Nashville Sounds : RHP Danny Nsoah
|
|
Batting: RHB Jimmy Buzard
|
0-0: Ball 1-0: Ball 2-0: Called Strike 2-1: Ground out 3-1 (Groundball, 34, EV 105.6 MPH)
|
|
Batting: SHB Aaron Tatar
|
0-0: Fly out, F6 (Line Drive, 6, EV 72.5 MPH)
|
|
Batting: LHB David McNair
|
0-0: Ball 1-0: SINGLE (Groundball, 34D, EV 99.4 MPH)
|
|
Batting: RHB Adam Noyes
|
0-0: Ball 1-0: Called Strike 1-1: Swinging Strike 1-2: Ball 2-2: Fly out, F9 (Flyball, 9, EV 96.2 MPH)
|
| Top of the 2nd over - 0 runs, 1 hit, 0 errors, 1 left on base; Rochester 0 - Nashville 0 |
| BOTTOM OF THE 2ND |
|
Nashville Sounds batting - Pitching for Rochester Red Wings : LHP Brian Walters
|
|
Batting: SHB Quincy Bradford
|
0-0: Ball 1-0: Foul Ball, location: 2F 1-1: Called Strike 1-2: Ball 2-2: Ball 3-2: Fly out, F6 (Line Drive, 6, EV 61.2 MPH)
|
|
Batting: RHB Josh Sinden
|
0-0: Ball 1-0: Foul Ball, location: 2F 1-1: Ball 2-1: Foul Ball, location: 2F 2-2: Strikes out swinging
|
|
Batting: RHB Mike Cervino
|
0-0: SINGLE (Line Drive, 34D, EV 103.8 MPH)
|
|
Batting: RHB Robby Godwin
|
0-0: Foul Ball, location: 2F 0-1: Ball 1-1: Ball 2-1: Fly out, F7 (Flyball, 78D, EV 88.1 MPH)
|
| Bottom of the 2nd over - 0 runs, 1 hit, 0 errors, 1 left on base; Rochester 0 - Nashville 0 |
| TOP OF THE 3RD |
|
Rochester Red Wings batting - Pitching for Nashville Sounds : RHP Danny Nsoah
|
|
Batting: LHB Seung-jun Chang
|
0-0: Foul Ball, location: 2F 0-1: Ball 1-1: Ball 2-1: Ball 3-1: Ground out 5-3 (Groundball, 5, EV 78.1 MPH)
|
|
Batting: LHB Bill Young
|
0-0: DOUBLE (Line Drive, 78M, EV 113.8 MPH)
|
|
Batting: RHB Yonetoshi Muranaka
|
0-0: Ground out 5-3 (Groundball, 56, EV 86.2 MPH)
|
|
Batting: LHB Gerardo Flores
|
0-0: Ball 1-0: Foul Ball, location: 2F 1-1: Ball 2-1: Foul Ball, location: 2F 2-2: Strikes out looking
|
| Top of the 3rd over - 0 runs, 1 hit, 0 errors, 1 left on base; Rochester 0 - Nashville 0 |
| BOTTOM OF THE 3RD |
|
Nashville Sounds batting - Pitching for Rochester Red Wings : LHP Brian Walters
|
|
Batting: RHB Ben Zeiler
|
0-0: Swinging Strike 0-1: Swinging Strike 0-2: Foul Ball, location: 2F 0-2: Ball 1-2: Ball 2-2: Strikes out swinging
|
|
Batting: RHB Dan Boylan
|
0-0: Foul Ball, location: 2F 0-1: Foul Ball, location: 2F 0-2: Ball 1-2: Ball 2-2: Ball 3-2: Foul Ball, location: 2F 3-2: Foul Ball, location: 2F 3-2: Strikes out swinging
|
|
Batting: RHB Jeff Garofalo
|
0-0: Called Strike 0-1: Ball 1-1: SINGLE (Groundball, 6S, EV 71.2 MPH) (infield hit)
|
|
Batting: SHB Brace Harper
|
0-0: Called Strike Jeff Garofalo steals 2nd base 0-1: Ball 1-1: Ball 2-1: Ball 3-1: Called Strike 3-2: Foul Ball, location: 2F 3-2: Base on Balls
|
|
Batting: RHB Dusty Thompson
|
0-0: Fly out, F9 (Flyball, 89S, EV 86.2 MPH)
|
| Bottom of the 3rd over - 0 runs, 1 hit, 0 errors, 2 left on base; Rochester 0 - Nashville 0 |
| TOP OF THE 4TH |
|
Rochester Red Wings batting - Pitching for Nashville Sounds : RHP Danny Nsoah
|
|
Batting: SHB Gerardo Flores
|
0-0: Ball 1-0: Swinging Strike 1-1: Foul Ball, location: 2F 1-2: Strikes out swinging
|
|
Batting: RHB Jimmy Buzard
|
0-0: Called Strike 0-1: Called Strike 0-2: Ball 1-2: Foul Ball, location: 2F 1-2: Strikes out looking
|
|
Batting: SHB Aaron Tatar
|
0-0: Ball 1-0: Foul Ball, location: 2F 1-1: Foul Ball, location: 2F 1-2: Strikes out swinging
|
| Top of the 4th over - 0 runs, 0 hits, 0 errors, 0 left on base; Rochester 0 - Nashville 0 |
| BOTTOM OF THE 4TH |
|
Nashville Sounds batting - Pitching for Rochester Red Wings : LHP Brian Walters
|
|
Batting: SHB Quincy Bradford
|
0-0: Ball 1-0: Swinging Strike 1-1: Ball 2-1: Called Strike 2-2: Foul Ball, location: 2F 2-2: Fly out, F7 (Flyball, 7D, EV 100.6 MPH)
|
|
Batting: RHB Josh Sinden
|
0-0: Swinging Strike 0-1: Fly out, F7 (Flyball, 78S, EV 90.0 MPH)
|
|
Batting: RHB Mike Cervino
|
0-0: Ball 1-0: Foul Ball, location: 2F 1-1: Called Strike 1-2: Ground out 6-3 (Groundball, 6S, EV 66.2 MPH)
|
| Bottom of the 4th over - 0 runs, 0 hits, 0 errors, 0 left on base; Rochester 0 - Nashville 0 |
| TOP OF THE 5TH |
|
Rochester Red Wings batting - Pitching for Nashville Sounds : RHP Danny Nsoah
|
|
Batting: LHB David McNair
|
0-0: Ball 1-0: Ball 2-0: Called Strike 2-1: Fly out, F9 (Line Drive, 9S, EV 105.0 MPH)
|
|
Batting: RHB Adam Noyes
|
0-0: Foul Ball, location: 2F 0-1: Ball 1-1: DOUBLE (Line Drive, 3D, EV 93.8 MPH)
|
|
Batting: LHB Seung-jun Chang
|
0-0: Called Strike 0-1: Ball 1-1: Called Strike 1-2: Ground out 4-3 (Groundball, 4, EV 85.0 MPH) Adam Noyes to third
|
|
Batting: LHB Bill Young
|
0-0: Ball 1-0: Ball 2-0: Ground out 6-3 (Groundball, 6M, EV 88.1 MPH)
|
| Top of the 5th over - 0 runs, 1 hit, 0 errors, 1 left on base; Rochester 0 - Nashville 0 |
| BOTTOM OF THE 5TH |
|
Nashville Sounds batting - Pitching for Rochester Red Wings : LHP Brian Walters
|
|
Batting: RHB Robby Godwin
|
0-0: Called Strike 0-1: Ball 1-1: SINGLE (Line Drive, 56, EV 95.6 MPH)
|
|
Batting: RHB Ben Zeiler
|
0-0: Ball 1-0: Ball Robby Godwin steals 2nd base 2-0: Swinging Strike 2-1: Ball 3-1: Called Strike 3-2: SINGLE (Groundball, 4D, EV 107.5 MPH) Robby Godwin to third Throwing error, E8 Robby Godwin scores Ben Zeiler to second
|
|
Batting: RHB Dan Boylan
|
0-0: Foul Ball, location: 2F 0-1: Ball 1-1: Foul Ball, location: 2F 1-2: Ball 2-2: Foul Ball, location: 2F 2-2: Ball 3-2: Foul Ball, location: 2F 3-2: Base on Balls
|
|
Batting: RHB Jeff Garofalo
|
0-0: Fly out, F6 (Line Drive, 6, EV 66.9 MPH)
|
|
Batting: SHB Brace Harper
|
0-0: Called Strike 0-1: Swinging Strike 0-2: Strikes out swinging
|
|
Batting: RHB Dusty Thompson
|
0-0: Fielders Choice at 2nd, 6-4 (Groundball, 6, EV 81.2 MPH)
|
| Bottom of the 5th over - 1 run, 2 hits, 1 error, 2 left on base; Rochester 0 - Nashville 1 |
| TOP OF THE 6TH |
|
Rochester Red Wings batting - Pitching for Nashville Sounds : RHP Danny Nsoah
|
|
Batting: RHB Yonetoshi Muranaka
|
0-0: Ball 1-0: Ground out U3 (Groundball, 13, EV 85.6 MPH)
|
|
Batting: LHB Gerardo Flores
|
0-0: Ball 1-0: Foul Ball, location: 2F 1-1: SINGLE (Groundball, 34D, EV 101.9 MPH)
|
|
Batting: SHB Gerardo Flores
|
0-0: Ball 1-0: Foul Ball, location: 2F 1-1: Grounds into double play, 4-6-3 (Groundball, 4, EV 88.1 MPH)
|
| Top of the 6th over - 0 runs, 1 hit, 0 errors, 0 left on base; Rochester 0 - Nashville 1 |
| BOTTOM OF THE 6TH |
|
Nashville Sounds batting - Pitching for Rochester Red Wings : LHP Brian Walters
|
|
Batting: SHB Quincy Bradford
|
0-0: Ball 1-0: Called Strike 1-1: Foul Ball, location: 2F 1-2: Ball 2-2: Foul Ball, location: 2F 2-2: Fly out, F7 (Flyball, 78M, EV 88.8 MPH)
|
|
Batting: RHB Josh Sinden
|
0-0: Ball 1-0: Foul Ball, location: 2F 1-1: Ball 2-1: Foul Ball, location: 2F 2-2: Ball 3-2: Foul Ball, location: 2F 3-2: SINGLE (Line Drive, 78S, EV 100.0 MPH)
|
|
Batting: RHB Mike Cervino
|
0-0: Ball 1-0: Ball 2-0: Called Strike Josh Sinden steals 2nd base 2-1: Foul Ball, location: 2F 2-2: Ball 3-2: DOUBLE (Flyball, 8LXD, EV 102.5 MPH) Josh Sinden scores
|
|
Pitching: LHP Travis Stichter
|
|
|
Batting: RHB Robby Godwin
|
0-0: Foul Ball, location: 2F 0-1: Ball 1-1: SINGLE (Groundball, 56D, EV 95.0 MPH) Mike Cervino to third
|
|
Batting: RHB Ben Zeiler
|
0-0: Ball 1-0: Ball 2-0: Ball 3-0: Base on Balls Robby Godwin to second
|
|
Batting: RHB Dan Boylan
|
0-0: Called Strike 0-1: Ball 1-1: Called Strike 1-2: Ball 2-2: Ball 3-2: Foul Ball, location: 2F 3-2: Grounds into fielders choice 5-2 (Groundball, 56, EV 86.9 MPH) Robby Godwin to third Ben Zeiler to second
|
|
Batting: RHB Jeff Garofalo
|
0-0: Ball 1-0: Foul Ball, location: 2F 1-1: Ball 2-1: Swinging Strike 2-2: Ball 3-2: Strikes out swinging
|
| Bottom of the 6th over - 1 run, 3 hits, 0 errors, 3 left on base; Rochester 0 - Nashville 2 |
| TOP OF THE 7TH |
|
Rochester Red Wings batting - Pitching for Nashville Sounds : RHP Danny Nsoah
|
|
Batting: RHB Jimmy Buzard
|
0-0: Reached on error, E4 (Groundball, 4S, EV 85.0 MPH)
|
|
Batting: SHB Aaron Tatar
|
0-0: Foul Ball, location: 2F 0-1: Fly out, F7 (Flyball, 78M, EV 92.5 MPH)
|
|
Batting: LHB David McNair
|
0-0: Called Strike 0-1: Ball 1-1: Foul Ball, location: 2F 1-2: Foul Ball, location: 2F 1-2: Foul Ball, location: 2F 1-2: Strikes out swinging
|
|
Batting: RHB Adam Noyes
|
0-0: Ground out 4-3 (Groundball, 4, EV 86.9 MPH)
|
| Top of the 7th over - 0 runs, 0 hits, 1 error, 1 left on base; Rochester 0 - Nashville 2 |
| BOTTOM OF THE 7TH |
|
Nashville Sounds batting - Pitching for Rochester Red Wings : LHP Travis Stichter
|
|
Pitching: RHP Ryan Bushey
|
|
|
Batting: SHB Brace Harper
|
0-0: Foul Ball, location: 2F 0-1: Fly out, F9 (Flyball, 89M, EV 91.9 MPH)
|
|
Batting: RHB Dusty Thompson
|
0-0: Ball 1-0: Foul Ball, location: 2F 1-1: Called Strike 1-2: Ball 2-2: Strikes out swinging
|
|
Batting: SHB Quincy Bradford
|
0-0: Ball 1-0: Ball 2-0: Ball 3-0: Base on Balls
|
|
Batting: RHB Josh Sinden
|
0-0: Called Strike Quincy Bradford steals 2nd base 0-1: Called Strike 0-2: Ball 1-2: Ground out 6-3 (Groundball, 6, EV 90.6 MPH)
|
| Bottom of the 7th over - 0 runs, 0 hits, 0 errors, 1 left on base; Rochester 0 - Nashville 2 |
| TOP OF THE 8TH |
|
Rochester Red Wings batting - Pitching for Nashville Sounds : RHP Danny Nsoah
|
|
Batting: LHB Seung-jun Chang
|
0-0: Called Strike 0-1: Swinging Strike 0-2: Foul Ball, location: 2F 0-2: Fly out, F9 (Line Drive, 9, EV 93.1 MPH)
|
|
Batting: LHB Bill Young
|
0-0: Ball 1-0: Ball 2-0: Fly out, F9 (Flyball, 9LD, EV 104.4 MPH)
|
|
Batting: RHB Yonetoshi Muranaka
|
0-0: Ball 1-0: Ball 2-0: Ball 3-0: Base on Balls
|
|
Batting: LHB Gerardo Flores
|
0-0: Foul Ball, location: 2F 0-1: Foul Ball, location: 2F 0-2: Ball 1-2: Fly out, F9 (Flyball, 9, EV 89.4 MPH)
|
| Top of the 8th over - 0 runs, 0 hits, 0 errors, 1 left on base; Rochester 0 - Nashville 2 |
| BOTTOM OF THE 8TH |
|
Nashville Sounds batting - Pitching for Rochester Red Wings : RHP Ryan Bushey
|
|
Batting: RHB Mike Cervino
|
0-0: Called Strike 0-1: Swinging Strike 0-2: Strikes out swinging, 2-3 out at first.
|
|
Batting: RHB Robby Godwin
|
0-0: Ground out 5-3 (Groundball, 56S, EV 81.2 MPH)
|
|
Batting: RHB Ben Zeiler
|
0-0: Ball 1-0: Called Strike 1-1: Foul Ball, location: 2F 1-2: Ball 2-2: Foul Ball, location: 2F 2-2: Ball 3-2: Foul Ball, location: 2F 3-2: DOUBLE (Groundball, 5L, EV 101.2 MPH)
|
|
Batting: RHB Dan Boylan
|
0-0: Ball 1-0: Called Strike 1-1: Called Strike 1-2: Fly out, F7 (Flyball, 7, EV 95.0 MPH)
|
| Bottom of the 8th over - 0 runs, 1 hit, 0 errors, 1 left on base; Rochester 0 - Nashville 2 |
| TOP OF THE 9TH |
|
Rochester Red Wings batting - Pitching for Nashville Sounds : RHP Danny Nsoah
|
|
Pitching: RHP John Barney
|
|
|
Batting: SHB Gerardo Flores
|
0-0: Called Strike 0-1: Fly out, F9 (Flyball, 9, EV 91.9 MPH)
|
|
Batting: RHB Jimmy Buzard
|
0-0: Ball 1-0: Ball 2-0: Ball 3-0: Base on Balls
|
|
Batting: SHB Aaron Tatar
|
0-0: Called Strike 0-1: Swinging Strike 0-2: Foul Ball, location: 2F 0-2: Ball 1-2: Ball 2-2: Grounds into double play, 4-6-3 (Groundball, 34, EV 93.1 MPH)
|
| Top of the 9th over - 0 runs, 0 hits, 0 errors, 0 left on base; Rochester 0 - Nashville 2 |
|